Map: Abandoned Camp

Players

VoidSham - Winner!

  • Race: Terran Terran
  • League: Diamond
  • Spawn Location: 5:00

NeonWolfIO - Winner!

  • Race: Protoss Protoss
  • League: Gold
  • Spawn Location: 3:00

NogarDos - Winner!

  • Race: Terran Terran
  • League: Diamond
  • Spawn Location: 3:00

DarkInfiniti

  • Race: Protoss Protoss
  • Spawn Location: 9:00

JaySlays

  • Race: Protoss Protoss
  • Spawn Location: 7:00

Wolf

  • Race: Terran Terran
  • League: Diamond
  • Spawn Location: 11:00

VOD

Have the link to the VOD?

Description

Time

  • Played on: April 20, 2018, 1:36 a.m.
  • Length: 17:08
Show
View Real Time Build Order
Export as new Build Order

VoidSham Terran - Winner!

Build Orders: MMM Bio 

Get SALT Encoding   

  12  0:01  SCV  
  13  0:13  SCV  
  14  0:22  Supply Depot  
  14  0:25  SCV  
  15  0:43  SCV  
  15  0:44  Barracks  
  15  0:48  Refinery  
  16  0:56  SCV  
  17  1:04  Barracks  
  17  1:08  SCV  
  18  1:17  Refinery  
  18  1:20  SCV  
  18  1:24  Supply Depot  
  19  1:32  SCV  
  20  1:38  Reaper  
  21  1:44  SCV  
  22  1:51  Reaper  
  23  1:56  Engineering Bay  
  23  2:05  Orbital Command  
  23  2:10  Reaper  
  25  2:36  SCV  
  26  2:58  SCV  
  25  3:00  Barracks Tech Lab  
  25  3:02  Barracks Reactor  
  24  3:07  Command Center  
  24  3:10  SCV  
  24  3:12  Missile Turret, Factory  
  24  3:21  Combat Shields  
  24  3:22  Marine  
  24  3:25  SCV  
  26  3:35  Terran Infantry Weapons Level 1  
  26  3:37  SCV  
  27  3:42  Marine x3  
  30  3:55  Factory Reactor  
  30  3:58  Starport  
  30  4:01  SCV  
  31  4:17  Supply Depot  
  31  4:18  Marine x3  
  31  4:19  SCV  
  35  4:27  Liberator x2, Orbital Command  
  40  4:58  Marine x3  
  43  5:00  SCV  
  43  5:01  SCV  
  43  5:15  Marine  
  43  5:16  Marine x2  
  42  5:33  Marine x3  
  43  5:37  Barracks  
  43  5:39  Barracks  
  41  5:44  SCV  
  42  5:51  Marine x3  
  42  6:05  Stimpack  
  42  6:09  Marine x3  
  42  6:18  Terran Infantry Armor Level 1  
  42  6:27  Marine x2  
  42  6:29  Marine  
  42  6:32  SCV x2  
  47  6:35  Medivac x2, Refinery  
  48  6:42  Barracks Reactor  
  48  6:44  Marine, Barracks Reactor  
  48  6:45  Marine  
  49  6:47  Marine  
  49  6:51  SCV x2  
  45  6:59  Supply Depot  
  45  7:00  Supply Depot  
  44  7:02  Marine x2  
  44  7:03  SCV x2  
  44  7:04  Barracks x2  
  44  7:05  Marine  
  44  7:07  Barracks  
  49  7:11  Medivac x2  
  53  7:18  Marine  
  53  7:20  Marine x3  
  57  7:22  Marine  
  57  7:26  Marine x2  
  60  7:30  Command Center  
  60  7:35  Marine  
  61  7:38  Marine x3  
  61  7:40  Marine  
  66  7:44  Marine, Medivac x2  
  64  7:51  Marine  
  70  7:55  Barracks Reactor  
  70  8:16  Supply Depot  
  70  8:17  Supply Depot  
  70  8:21  Marine  
  70  8:22  Marine  
  70  8:23  Marine x4  
  70  8:24  Marine  
  66  8:39  Marine  
  66  8:40  Marine x2  
  66  8:41  Marine x3  
  69  8:42  Marine  
  69  8:44  Armory, Engineering Bay  
  73  8:57  Marine  
  73  8:58  Marine  
  73  8:59  Barracks Reactor  
  73  9:01  Barracks Reactor  
  73  9:04  Marine x5  
  76  9:14  Marine  
  76  9:16  Marine  
  70  9:22  Marine x5  
  65  9:32  Marine  
  65  9:33  Marine  
  63  9:39  Marine x2  
  63  9:40  Marine x3  
  68  9:50  Marine  
  68  9:51  Marine  
  70  9:57  Marine x3  
  70  9:59  Planetary Fortress  
  73  10:03  Terran Infantry Armor Level 2, Terran Infantry Weapons Level 2  
  73  10:06  Marine x2  
  75  10:08  Marine  
  75  10:09  Marine  
  77  10:17  Supply Depot x2  
  75  10:24  Marine x4  
  75  10:25  Marine  
  75  10:26  Marine  
  75  10:27  Marine  
  73  10:42  Marine x5  
  75  10:43  Marine  
  75  10:45  Marine  
  77  10:59  Marine  
  77  11:00  Marine  
  77  11:01  Marine  
  77  11:02  Marine x4  
  80  11:08  Medivac x2  
  84  11:16  Barracks Reactor  
  84  11:18  Marine  
  86  11:19  Marine  
  86  11:20  Marine x3  
  86  11:23  SCV x3  
  92  11:35  SCV  
  92  11:36  Marine  
  92  11:37  Marine  
  92  11:38  Marine x3, Medivac x2  
  100  11:50  Barracks Reactor  
  100  11:52  Marine x2  
  100  11:53  Marine  
  96  11:55  Marine x2  
  96  11:56  Marine x2  
  75  12:10  Marine x2  
  75  12:11  Marine  
  75  12:12  Medivac  
  75  12:13  Marine x3, Medivac  
  75  12:14  Marine  
  60  12:27  Marine  
  60  12:28  Marine  
  60  12:29  Marine  
  63  12:30  Marine  
  63  12:31  Marine x3  
  67  12:41  Marine  
  67  12:42  Marine, Medivac  
  67  12:43  Medivac, Terran Infantry Weapons Level 3  
  73  12:45  Marine x2  
  73  12:47  Marine  
  73  12:48  Marine  
  73  12:49  Marine x3, Terran Infantry Armor Level 3  
  80  12:59  Marine x2  
  80  13:03  Marine x2  
  80  13:05  Marine  
  85  13:06  Marine  
  85  13:07  Marine x3  
  89  13:17  Marine x2  
  85  13:21  Marine x2  
  85  13:22  Marine  
  85  13:24  Marine x2  
  85  13:25  Marine x2  
  70  13:35  Marine x2  
  70  13:39  Marine x2  
  70  13:40  Marine  
  72  13:42  Marine x3  
  72  13:43  Marine  
  68  13:53  Marine x2  
  67  13:58  Marine  
  67  13:59  Marine  
  67  14:00  Marine x2  
  67  14:01  Marine  
  70  14:08  Missile Turret  
  69  14:11  Marine x2  
  69  14:12  Medivac x2  
  69  14:16  Marine  
  76  14:17  Marine  
  76  14:18  Marine x3  
  76  14:20  Barracks  
  76  14:22  Barracks  
  76  14:23  Barracks  
  80  14:26  Command Center  
  80  14:28  Marine x2  
  82  14:34  Marine  
  82  14:35  Marine  
  82  14:36  Marine x3  
  87  14:42  Medivac x2  
  91  14:46  Marine x2  
  91  14:51  Marine  
  94  14:53  Marine  
  94  14:54  Marine x3  
  96  15:04  Marine x2  
  86  15:12  Medivac x2  
  81  15:17  Marine x6  
  81  15:18  Marine x2  
  80  15:22  Marine x2  
  68  15:35  Marine x7  
  64  15:36  Marine  
  64  15:40  Marine x2  
  64  15:42  Medivac x2  
  58  15:54  Marine x3  
  58  15:55  Marine x2  
  47  16:12  Medivac  
  49  16:21  Missile Turret  
  49  16:22  Marine x2  
  49  16:23  Marine  
  52  16:29  Marine x2  
  52  16:30  Marine x4  
  58  16:40  Marine x2  
  60  16:48  Marine x3  
  60  16:49  Marine  
Show
View Real Time Build Order
Export as new Build Order

NeonWolfIO Protoss - Winner!

Build Orders: Forge Fast Expand (FFE) 

Get SALT Encoding   

  12  0:00  Probe  
  13  0:08  Probe  
  14  0:16  Probe  
  15  0:28  Pylon  
  15  0:46  Probe  
  15  0:48  Forge  
  16  1:28  Gateway  
  16  1:30  Pylon  
  15  1:41  Nexus  
  15  1:50  Photon Cannon  
  15  1:51  Probe  
  15  1:59  Probe  
  17  2:09  Probe  
  18  2:18  Cybernetics Core  
  18  2:21  Probe  
  19  2:30  Probe  
  19  2:33  Assimilator  
  20  2:37  Assimilator  
  20  2:38  Probe  
  20  2:43  Assimilator  
  21  2:47  Probe  
  21  2:50  Assimilator  
  22  2:52  Probe  
  23  3:00  Probe  
  24  3:09  Probe x2  
  26  3:14  Stalker  
  28  3:21  Probe x2  
  30  3:33  Probe  
  31  3:49  Pylon  
  31  3:58  Probe  
  31  3:59  Gateway  
  31  4:00  Gateway  
  32  4:06  Probe  
  32  4:16  Probe  
  33  4:18  Gateway  
  33  4:19  Gateway  
  34  4:28  Probe  
  37  4:40  Probe  
  36  4:52  Probe  
  36  5:12  Gateway  
  33  5:15  Gateway  
  11  8:23  Nexus  
  9  9:36  Probe  
  9  9:44  Probe  
  11  9:54  Probe  
  12  10:06  Probe  
  13  10:18  Probe  
  13  10:20  Pylon  
  14  10:22  Pylon  
  13  10:30  Probe  
  14  10:42  Probe  
  15  10:49  Nexus  
  15  11:10  Pylon  
  15  11:12  Pylon  
  15  11:32  Probe  
  16  11:40  Probe  
  16  11:45  Pylon  
  17  11:50  Probe  
  18  12:02  Probe  
  18  12:06  Protoss Shields Level 1  
  18  12:07  Probe  
  19  12:15  Probe  
  21  12:25  Probe  
  21  12:28  Gateway  
  22  12:37  Probe  
  23  12:39  Gateway  
  23  12:47  Pylon  
  23  13:01  Probe, Zealot  
  23  13:04  Pylon  
  26  13:09  Probe  
  26  13:15  Probe  
  26  13:19  Probe  
  28  13:23  Probe  
  29  13:31  Probe  
  29  13:33  Probe, Zealot  
  33  13:39  Zealot  
  36  13:45  Probe  
  36  13:46  Zealot  
  39  13:53  Cybernetics Core  
  39  13:57  Probe  
  40  14:05  Probe  
  40  14:08  Zealot  
  43  14:11  Zealot  
  43  14:14  Probe  
  45  14:18  Warp Gate  
  46  14:26  Probe x2  
  48  14:32  Gateway  
  48  14:34  Probe  
  49  14:39  Assimilator  
  49  14:41  Probe  
  49  14:43  Probe  
  49  14:44  Assimilator  
  51  14:53  Probe, Stalker  
  51  14:54  Stalker  
  51  14:56  Probe  
  57  15:05  Probe  
  54  15:17  Probe  
  54  15:18  Stalker  
  49  15:21  Stalker x2  
  49  15:24  Stalker  
  55  15:31  Gateway  
  55  15:43  Stalker  
  55  15:48  Stalker  
  57  15:51  Stalker  
  61  16:12  Photon Cannon  
  61  16:15  Photon Cannon  
  61  16:17  Photon Cannon  
  61  16:35  Stalker x2  
  61  16:36  Stalker  
  61  16:37  Stalker  
  69  16:47  Pylon  
  69  16:48  Pylon  
  69  16:53  Pylon  
  69  16:55  Twilight Council  
Show
View Real Time Build Order
Export as new Build Order

NogarDos Terran - Winner!

Build Orders: Reaper Expand 

Get SALT Encoding   

  12  0:01  SCV  
  13  0:13  SCV  
  14  0:21  Supply Depot  
  14  0:26  SCV  
  15  0:36  Refinery  
  15  0:43  Barracks  
  15  0:47  SCV  
  16  0:59  SCV  
  17  1:12  SCV  
  18  1:33  Orbital Command  
  18  1:34  Reaper  
  18  1:39  Refinery  
  19  1:51  Command Center  
  19  1:59  SCV  
  20  2:12  SCV  
  20  2:13  Factory  
  21  2:15  Marine  
  22  2:33  SCV  
  23  3:00  Marine  
  23  3:04  Factory Tech Lab  
  23  3:05  Orbital Command  
  23  3:06  Factory  
  23  3:10  SCV  
  24  3:18  Marine  
  25  3:22  SCV  
  25  3:25  Siege Tank  
  29  3:27  Refinery  
  29  3:34  SCV  
  29  3:35  SCV  
  29  3:37  Bunker  
  31  3:47  SCV x2  
  33  3:49  Marine  
  33  3:54  Factory Reactor  
  33  3:55  Infernal Pre-Igniter  
  34  3:59  SCV x2  
  36  4:12  Barracks Reactor  
  38  4:17  Starport  
  36  4:25  SCV x2  
  38  4:32  Supply Depot  
  38  4:33  Supply Depot  
  38  4:54  Siege Tank, SCV x2, Cyclone x2  
  48  5:05  Marine x2  
  48  5:06  SCV x2  
  51  5:09  Supply Depot  
  51  5:14  Supply Depot  
  51  5:18  SCV  
  51  5:23  Marine x2  
  53  5:30  Siege Tank, Cyclone  
  58  5:49  Marine x2  
  55  5:50  Cyclone  
  57  6:02  Cyclone  
  57  6:03  Siege Tank  
  63  6:16  Marine x2  
  63  6:18  Starport Reactor  
  63  6:19  SCV x2  
  63  6:22  Refinery  
  63  6:23  Cyclone  
  63  6:25  Supply Depot  
  68  6:31  SCV  
  69  6:35  Marine  
  70  6:43  Siege Tank  
  70  6:46  Marine, Cyclone  
  74  6:54  Marine  
  72  6:55  Cyclone  
  73  7:04  Marine  
  73  7:09  Engineering Bay  
  73  7:12  Marine  
  74  7:16  Siege Tank  
  74  7:18  Bunker, SCV  
  74  7:22  Supply Depot  
  78  7:24  Supply Depot  
  78  7:44  Marine, Missile Turret, SCV, Cyclone x2  
  86  7:45  Marine  
  84  7:55  Cyclone  
  87  8:01  Marine  
  87  8:03  Marine  
  89  8:16  Cyclone  
  89  8:18  Supply Depot  
  89  8:19  Marine  
  93  8:21  Marine  
  94  8:29  Hellion, Medivac x2, Cyclone  
  81  8:37  Marine  
  82  8:43  Liberator x2  
  82  8:46  Marine  
  85  8:48  Hellion  
  85  8:50  Cyclone  
  87  9:01  Cyclone  
  98  9:10  Hellion  
  98  9:22  Hellion  
  100  9:30  Missile Turret  
  100  9:31  Missile Turret  
  100  9:39  Supply Depot  
  100  9:40  Supply Depot x2  
  100  9:42  Armory  
  100  9:43  Liberator  
  100  9:44  Liberator  
  100  9:55  Cyclone  
  100  9:56  Siege Tank  
  102  10:00  Cyclone  
  64  10:28  Siege Tank, Cyclone  
  64  10:29  Marine x2  
  64  10:32  Cyclone  
  72  10:47  Marine x2  
  72  10:48  Liberator x2  
  71  11:00  Siege Tank  
  71  11:05  Marine  
  75  11:30  Liberator  
  75  11:31  Liberator  
  75  11:32  Siege Tank  
  78  11:44  Command Center, Refinery  
  78  11:46  Refinery  
  84  12:04  Siege Tank  
  87  12:26  Cyclone x2  
  93  12:34  Marine x2  
  93  12:37  Siege Tank  
  98  12:38  SCV x2  
  98  12:42  Smart Servos  
  98  12:43  Liberator  
  100  12:50  SCV x2  
  102  12:52  Marine x2, Terran Vehicle Weapons Level 1  
  102  12:58  Cyclone  
  100  13:02  SCV x2  
  100  13:05  Liberator  
  101  13:09  Siege Tank  
  98  13:31  Orbital Command  
  98  13:32  SCV x2  
  100  13:41  Siege Tank  
  103  13:43  Viking  
  103  13:44  SCV x2  
  107  13:55  Marine x2  
  109  13:56  SCV  
  109  13:57  SCV  
  108  14:05  Viking  
  109  14:12  Marine  
  109  14:13  Marine, Viking  
  113  14:17  SCV x2  
  113  14:21  SCV  
  116  14:24  Supply Depot  
  116  14:25  Supply Depot  
  116  14:29  Hellion x2, SCV  
  121  14:35  Viking  
  123  14:43  Viking  
  119  15:05  Viking  
  115  15:09  Siege Tank  
  115  15:10  Marine  
  115  15:11  Marine  
  115  15:13  Viking  
  122  15:28  Marine  
  122  15:35  Viking, Cyclone x2  
  131  15:41  Siege Tank  
  134  15:43  Viking  
  134  16:05  Viking  
  134  16:07  Cyclone  
  126  16:13  Siege Tank, Viking  
  110  16:33  Cyclone  
  110  16:35  Viking  
Show
View Real Time Build Order
Export as new Build Order

DarkInfiniti Protoss 

Build Orders:  

Get SALT Encoding   

  1  0:00  Probe  
  12  0:05  Probe  
  14  0:15  Probe  
  15  0:27  Pylon  
  15  0:45  Probe  
  15  0:48  Gateway  
  16  0:57  Probe  
  16  1:00  Pylon  
  17  1:08  Forge  
  17  1:14  Probe  
  17  1:17  Assimilator  
  18  1:22  Probe  
  19  1:47  Photon Cannon  
  19  1:49  Probe  
  19  1:50  Pylon  
  20  2:01  Probe, Cybernetics Core  
  21  2:04  Assimilator  
  21  2:08  Pylon  
  21  2:27  Photon Cannon  
  21  2:30  Warp Gate  
  21  2:32  Stalker  
  23  2:56  Gateway  
  23  3:10  Pylon  
  23  3:15  Probe  
  24  3:30  Photon Cannon  
  24  3:34  Gateway x2  
  24  3:40  Gateway  
  24  3:48  Stalker x2  
  28  4:10  Nexus  
  28  4:54  Stalker x3  
  28  4:55  Stalker  
  36  5:20  Stalker x2  
  36  5:21  Stalker x2  
  40  5:53  Stalker x3  
  44  6:25  Stalker x4  
  46  7:00  Stalker x2  
  46  7:01  Stalker  
  46  7:02  Stalker  
  46  7:04  Probe x2  
  50  7:12  Probe  
  50  7:17  Probe  
  50  7:19  Pylon  
  50  7:20  Probe  
  52  7:29  Probe  
  52  7:45  Twilight Council  
  52  7:48  Pylon  
  36  7:55  Protoss Shields Level 1, Stalker x2  
  36  7:56  Stalker  
  42  8:03  Probe  
  44  8:05  Probe  
  44  8:11  Probe  
  44  8:17  Probe  
  46  8:20  Probe, Zealot  
  46  8:25  Charge  
  45  8:39  Zealot x3  
  51  8:57  Stalker  
  53  9:22  Zealot x2  
  53  9:23  Zealot  
  57  9:37  Assimilator  
  57  9:40  Pylon, Stalker, Nexus  
  57  9:41  Pylon  
  57  9:44  Pylon  
  51  10:04  Probe  
  51  10:05  Stalker x4  
  55  10:12  Probe  
  56  10:14  Assimilator  
  57  10:22  Probe  
  57  10:23  Robotics Facility  
  57  10:25  Robotics Facility  
  56  10:38  Zealot x3  
  60  11:01  Protoss Ground Weapons Level 1  
  48  11:07  Zealot x3  
  48  11:08  Zealot  
  50  11:27  Robotics Bay  
  50  11:29  Immortal  
  50  11:30  Stalker x2  
  50  11:31  Stalker  
  60  11:45  Adept  
  48  12:08  Extended Thermal Lance  
  42  12:09  Colossus, Zealot x4  
  54  12:30  Probe  
  54  12:36  Stalker x2  
  59  12:39  Colossus  
  59  12:42  Probe  
  66  12:51  Colossus  
  66  12:54  Probe  
  61  13:32  Colossus  
  61  13:34  Colossus  
  61  13:35  Stalker x3  
  67  13:47  Stalker  
  71  14:15  Colossus, Zealot  
  71  14:16  Zealot x2  
  75  14:18  Zealot  
  75  14:19  Colossus  
  77  14:26  Protoss Ground Weapons Level 2  
  89  14:50  Stalker  
  89  14:57  Stalker  
  89  14:58  Stalker  
  75  15:03  Immortal  
  75  15:05  Stalker  
  61  15:14  Immortal  
  63  15:22  Stalker x2  
  63  15:24  Probe  
  62  15:32  Probe  
  62  15:35  Stalker  
  64  15:36  Zealot  
  67  15:55  Stalker  
  67  15:56  Stalker  
  71  16:00  Stalker  
  71  16:01  Stalker  
Show
View Real Time Build Order
Export as new Build Order

JaySlays Protoss 

Build Orders:  

Get SALT Encoding   

  1  0:00  Probe  
  13  0:14  Probe  
  13  0:15  Pylon  
  14  0:26  Probe  
  15  0:38  Probe  
  16  0:44  Gateway  
  16  0:50  Probe  
  17  1:02  Probe, Assimilator  
  18  1:14  Probe  
  19  1:26  Probe  
  20  1:33  Cybernetics Core  
  20  1:37  Probe  
  21  1:40  Pylon  
  21  1:45  Probe  
  21  1:46  Gateway  
  21  1:48  Assimilator  
  21  1:51  Warp Gate  
  21  1:53  Probe  
  23  2:05  Probe  
  24  2:12  Gateway  
  24  2:13  Stalker  
  24  2:54  Stalker  
  26  3:02  Stalker  
  28  3:11  Probe  
  29  3:13  Stalker  
  31  3:27  Pylon  
  31  3:29  Pylon  
  31  3:42  Twilight Council  
  31  3:45  Probe  
  32  3:58  Probe  
  32  3:59  Nexus  
  32  4:01  Stalker  
  35  4:10  Probe  
  35  4:16  Stalker  
  38  4:30  Dark Shrine  
  38  4:31  Probe  
  39  4:43  Probe  
  40  4:52  Stalker x2  
  42  4:53  Stalker  
  42  5:23  Stalker x3  
  46  5:29  Probe x2  
  46  5:32  Gateway  
  46  5:55  Dark Templar x2  
  48  6:18  Stalker  
  43  6:25  Forge  
  41  6:44  Stalker x2  
  41  6:45  Stalker  
  43  6:55  Probe x2  
  45  7:03  Probe x2  
  45  7:13  Probe, Dark Templar  
  46  7:26  Probe  
  46  7:28  Stalker x3  
  46  7:29  Probe  
  54  7:34  Probe  
  54  7:43  Probe  
  54  7:56  Stalker x2  
  54  7:57  Stalker  
  60  7:59  Probe  
  60  8:00  Probe  
  62  8:06  Pylon  
  62  8:07  Blink  
  62  8:21  Probe  
  62  8:23  Protoss Ground Weapons Level 1  
  62  8:24  Probe  
  64  8:32  Assimilator  
  64  8:33  Probe  
  65  8:36  Probe, Assimilator  
  66  8:45  Probe  
  66  8:48  Probe  
  68  8:57  Probe  
  68  9:00  Probe, Robotics Facility  
  70  9:19  Pylon  
  70  9:21  Pylon  
  70  9:32  Probe  
  65  9:39  Stalker x2  
  65  9:40  Stalker x2, Warp Prism  
  65  9:42  Probe  
  65  9:44  Probe  
  77  9:54  Probe  
  78  10:09  Gateway  
  78  10:11  Gateway  
  78  10:12  Stalker  
  78  10:13  Stalker x2  
  84  10:20  Nexus  
  78  10:26  Zealot  
  62  10:29  Immortal  
  44  10:36  Zealot  
  44  10:37  Zealot x2  
  54  10:51  Zealot  
  54  10:57  Charge  
  56  11:03  Immortal, Zealot x3  
  66  11:14  Protoss Ground Armor Level 1  
  66  11:28  Stalker x3  
  66  11:29  Stalker  
  74  11:35  Pylon  
  74  11:39  Dark Templar  
  62  11:48  Dark Templar  
  62  11:53  Dark Templar  
  62  11:54  Dark Templar  
  56  11:59  Stalker x2  
  50  12:14  Probe  
  44  12:20  Zealot x2  
  44  12:22  Probe  
  49  12:29  Zealot x4  
  58  12:31  Immortal  
  58  12:56  Shield Battery  
  58  12:58  Shield Battery  
  58  13:03  Immortal  
  58  13:08  Dark Templar x3  
  58  13:12  Archon  
  59  13:19  Dark Templar  
  61  13:20  Dark Templar  
  59  13:30  Zealot  
  59  13:32  Archon  
  57  13:47  Dark Templar x3  
  63  13:52  Archon  
  59  14:00  Dark Templar x2  
  59  14:02  Immortal  
  58  14:10  Archon  
  62  14:18  Zealot  
  62  14:20  Zealot x2  
  62  14:21  Zealot  
  70  14:28  Probe x3  
  73  14:31  Warp Prism  
  73  14:40  Probe  
  73  14:43  Protoss Ground Weapons Level 2  
  76  14:49  Dark Templar  
  78  14:54  Archon  
  54  15:22  Zealot x5  
  56  15:35  Dark Templar  
  54  15:43  Dark Templar x2  
  54  15:44  Dark Templar  
  60  16:17  Zealot x4  
  60  16:18  Zealot x2  
  72  16:38  Zealot  
  72  16:39  Zealot x2  
  78  16:53  Zealot x2  
  78  16:54  Zealot  
Show
View Real Time Build Order
Export as new Build Order

Wolf Terran 

Build Orders: Reaper Expand, Bio Tank 

Get SALT Encoding   

  12  0:01  SCV  
  13  0:13  SCV  
  14  0:24  Supply Depot  
  14  0:25  SCV  
  15  0:46  SCV  
  15  0:47  Barracks  
  16  0:52  Refinery  
  16  0:58  SCV  
  17  1:10  SCV  
  18  1:27  SCV  
  18  1:31  Barracks  
  19  1:36  Reaper  
  19  1:39  Orbital Command  
  20  2:00  Command Center  
  20  2:06  Refinery  
  20  2:08  SCV  
  21  2:13  Barracks Reactor  
  21  2:30  Factory  
  21  2:49  Marine, Barracks Tech Lab  
  21  2:50  Marine  
  23  3:12  SCV  
  24  3:14  Starport  
  24  3:17  Factory Reactor  
  24  3:24  Marine x3  
  27  3:31  SCV  
  27  3:33  Orbital Command  
  28  3:36  Refinery  
  28  3:38  Supply Depot  
  28  3:40  Supply Depot  
  28  3:43  Marine x2, SCV  
  28  3:47  Marine  
  32  3:55  SCV  
  32  4:05  Supply Depot  
  32  4:06  Marine x3  
  35  4:10  Stimpack  
  35  4:11  SCV  
  35  4:15  SCV  
  37  4:26  SCV  
  37  4:28  Medivac  
  37  4:29  Marine, Medivac  
  37  4:30  Marine  
  37  4:31  Marine  
  45  4:43  Factory Tech Lab  
  45  4:44  SCV x2  
  47  4:53  Engineering Bay x2  
  47  4:54  Marine x2  
  47  4:56  Marine, SCV x2  
  52  5:05  Supply Depot  
  52  5:27  SCV x2  
  54  5:29  Terran Infantry Weapons Level 1, Terran Infantry Armor Level 1  
  54  5:30  Siege Tank  
  54  5:32  Marine x2  
  48  6:01  Marine x3  
  48  6:02  SCV x2  
  53  6:19  Marine x3  
  53  6:20  Siege Tank  
  53  6:21  Medivac x2  
  63  6:28  Barracks, SCV x2  
  65  6:33  Barracks  
  65  6:34  Barracks  
  65  6:36  Marine  
  65  6:38  Missile Turret  
  65  6:39  Missile Turret  
  66  6:40  SCV  
  60  6:47  Marine x2  
  60  6:49  Combat Shields  
  62  6:54  Marine  
  63  7:01  Siege Tank  
  63  7:06  Marine x2  
  68  7:12  Marine  
  68  7:14  Supply Depot  
  68  7:15  SCV  
  70  7:16  Supply Depot  
  70  7:24  Refinery, Armory  
  70  7:27  Barracks Tech Lab  
  70  7:28  Barracks Tech Lab  
  70  7:34  Barracks Reactor  
  70  7:36  Marine x3, SCV x2  
  75  7:37  Supply Depot  
  75  7:45  Marine  
  75  7:48  Marine  
  77  7:52  Siege Tank  
  77  7:54  Marine x3, SCV  
  77  7:55  SCV  
  85  8:04  Marine  
  86  8:06  Marine, Supply Depot  
  86  8:11  Marine x2  
  89  8:14  Marine x3  
  92  8:22  Marine  
  92  8:24  Marine  
  90  8:34  Marine x5  
  77  8:40  Marine  
  81  8:41  Marine  
  82  8:50  Liberator  
  82  8:51  Marine x2  
  82  8:52  Marine  
  85  9:06  Siege Tank  
  85  9:08  Marine x4  
  85  9:09  Marine x2  
  97  9:25  Marine  
  97  9:26  Marine x4  
  97  9:28  Terran Infantry Armor Level 2, Terran Infantry Weapons Level 2  
  102  9:35  Marine x2  
  102  9:37  Supply Depot x3  
  102  9:38  Siege Tank  
  107  9:43  Marine x2  
  109  10:09  Orbital Command  
  109  10:10  Siege Tank  
  112  10:14  Orbital Command  
  86  10:41  Supply Depot  
  86  10:42  Supply Depot x2  
  86  10:45  Marine, Siege Tank  
  86  10:46  Marine x5  
  76  11:07  Marine x6  
  76  11:08  Marine  
  76  11:10  Medivac x2  
  87  11:17  Siege Tank  
  88  11:24  Marine  
  88  11:25  Marine x6  
  95  11:42  Marine  
  96  11:49  Siege Tank  
  95  12:34  Marine x2  
  95  12:35  Marine x5  
  95  12:36  Siege Tank  
  105  12:50  Medivac x2  
  109  12:52  Marine x2, Terran Infantry Armor Level 3, Terran Infantry Weapons Level 3  
  109  12:53  Marine x2  
  92  13:08  Siege Tank  
  92  13:11  Marine  
  92  13:12  Marine x6  
  89  13:29  Marine  
  89  13:30  Marine x3  
  93  13:39  Marine, Marauder x2  
  98  13:47  Marine x3  
  98  13:48  Marine  
  99  14:12  Marine  
  99  14:13  Marine x6  
  106  14:30  Marine  
  106  14:31  Marine x6  
  115  14:32  Viking x2  
  117  14:48  Marine  
  118  15:02  Viking  
  103  15:37  Marine x3  
  103  15:38  Marine x4  
  108  15:48  Viking  
  108  15:49  Viking  
  109  15:55  Marine  
  96  16:16  Marine x2  
  96  16:17  Marine x5  
  103  16:18  Viking  
  103  16:19  Viking  
  74  16:34  Marine x3  
  74  16:35  Marine x3  
Tags
 
Add a new tag
Caveats
  • Supply blocks, unpowered buildings, or Contaminate may cause inaccurate times.
  • Supply counts are checked every 10 seconds.